Unix NetHack Version 3.7.0-86 Work-in-progress - last build May 30 2023 01:50:43 (cc98dc9aa62a9957b082a042edf5bd7ec9f632c7,branch:master). Game began 2023-06-16 18:08:55, ended 2023-07-05 19:37:00. spontiff, neutral male gnomish Healer ----- ------- |<..--- ------r%@...r |.....---|.......dr-- --..|....|.--------- --.|-.....---- --|.........| ----.|....| -----..| |..| --.| |.| --- Spontiff the Rhizotomist St:9 Dx:10 Co:17 In:10 Wi:16 Ch:18 Neutral S:1081 Dlvl:6 $:2219 HP:0(32) Pw:2(6) AC:5 Xp:1/0 T:4779 Burdened Latest messages: The large dog bites the wererat. The wererat misses the large dog. You hear some noises. The large dog misses the wererat. What do you want to use or apply? [aeijosPSVZ or ?*] s In what direction? l Status of the wererat (chaotic, tiny): Level 2 HP 12(16) AC 6. The large dog bites the wererat. The wererat misses the large dog. The wererat bites! The large dog misses the wererat. In what direction? . You feel better. The large dog misses the wererat. The wererat misses! The large dog bites the wererat. The wererat bites! You feel feverish. What do you want to zap? [SV or ?*] ? Nothing happens. The large dog misses the wererat. The wererat bites! The large dog misses the wererat. The wererat summons help! A giant rat suddenly appears next to you! A sewer rat suddenly appears next to you! A sewer rat suddenly appears next to you! A giant rat suddenly appears close by! A sewer rat suddenly appears close by! The wererat misses! #argh: unknown extended command. The sewer rat bites! The sewer rat bites! The giant rat bites! The large dog bites the sewer rat. The sewer rat is killed! The wererat bites! The large dog misses the wererat. The sewer rat bites! The large dog bites the wererat. The wererat is killed! What do you want to drink? [cmwGMUY or ?*] ? Never mind. The giant rat bites! The large dog bites the sewer rat. The sewer rat is killed! The giant rat bites! You die... Do you want your possessions identified? [ynq] (y) y Do you want to see the dungeon overview? [ynq] (y) y Inventory: Coins $ - 2219 gold pieces Weapons W - an uncursed +0 dart z - an uncursed +0 elven dagger Armor h - an uncursed +0 orcish helm (being worn) g - an uncursed +1 pair of leather gloves (being worn) v - an uncursed +0 pair of iron shoes (being worn) f - an uncursed +0 dwarvish cloak q - an uncursed +0 dwarvish cloak (being worn) x - an uncursed +0 dwarvish cloak D - an uncursed +0 dwarvish cloak T - an uncursed +0 dwarvish cloak Comestibles y - an uncursed apple a - a cursed cream pie (wielded) n - an uncursed food ration N - 2 uncursed food rations X - a cursed food ration b - a cursed rotten tin of red mold Scrolls Q - an uncursed scroll of create monster p - a cursed scroll of enchant weapon r - a cursed scroll of magic mapping Spellbooks j - a blessed spellbook of extra healing i - a blessed spellbook of healing P - a blessed spellbook of stone to flesh Potions U - an uncursed potion of enlightenment c - a blessed potion of healing M - an uncursed potion of invisibility w - an uncursed potion of restore ability named SMOKY G - an uncursed potion of see invisible Y - an uncursed potion of sleeping m - a potion of holy water Rings R - an uncursed ring of searching Wands V - an uncursed wand of digging (0:8) S - an uncursed wand of sleep (0:0) Tools Z - an empty cursed bag of holding e - an uncursed +0 pick-axe s - an uncursed stethoscope o - an uncursed tin whistle Gems/Stones l - 3 uncursed worthless pieces of black glass d - 4 uncursed worthless pieces of orange glass t - 2 cursed worthless pieces of red glass A - 4 uncursed worthless pieces of violet glass O - an uncursed worthless piece of white glass J - an uncursed worthless piece of yellowish brown glass Spontiff the Healer's attributes: Background: You were a Rhizotomist, a level 1 male gnomish Healer. You were neutral, on a mission for Hermes who was opposed by Athena (lawful) and Poseidon (chaotic). You were in the Gnomish Mines, on level 6. You entered the dungeon 4779 turns ago. There was a full moon in effect when your adventure ended. You had 0 experience points, 20 were needed to attain level 2. Your score was 1081 before end-of-game adjustments. Basics: You had 0 out of 32 hit points. You had 2 out of 6 energy points (spell power). Your armor class was 5. Your wallet contained 2219 zorkmids. Autopickup was on for '$!/="?' plus thrown, with exceptions. Final Characteristics: Your strength was 9 (limit:18/50). Your dexterity was 10 (limit:18). Your constitution was 17 (limit:18). Your intelligence was 10 (limit:19). Your wisdom was 16 (limit:18). Your charisma was 18 (limit:18). Final Status: You were not hungry. You were burdened; movement was slightly slowed. You were wielding some food. Final Attributes: You were devoutly aligned. You were poison resistant. You were level-drain resistant. You had infravision. You were warded. You were a wererat. You were harmed by silver. You were lucky. You are dead. Miscellaneous: You encountered 1 bones level. Total elapsed playing time was 1 hour, 53 minutes and 14 seconds. Major events: Turn 1: spontiff the neutral male gnomish Healer entered the dungeon 702: entered the Gnomish Mines 2044: killed the Oracle 4779: killed by a giant rat Vanquished creatures: the Oracle a water demon a shrieker a gnome leader a ghoul 3 dwarves a homunculus a rabid rat a wererat a gas spore 8 hobbits 4 giant rats a brown mold 2 yellow molds a green mold 7 gnomes a gnome zombie 10 geckos 8 jackals 3 foxes a kobold 3 goblins 9 sewer rats 14 grid bugs 4 bats 6 lichens 2 kobold zombies 12 newts 108 creatures vanquished. No species were genocided or became extinct. Voluntary challenges: You never hit with a wielded weapon. You were a pacifist. You read items or engraved 1 time. You never engraved Elbereth. You never genocided any monsters. You never polymorphed an object. You never changed form. You used no wishes. Achievements: You entered the Gnomish Mines. You entered a shop. The Dungeons of Doom: levels 1 to 5 Level 1: A fountain. Level 2: A weapon shop, some fountains. Stairs down to The Gnomish Mines. Level 3: A fountain. Level 4: Many altars, some fountains. Level 5: Final resting place for poppyjams-Val-Dwa-Fem-Law, killed by a water demon. The Gnomish Mines: levels 3 to 6 Level 3: Level 4: Level 5: Level 6: <- You were here. Final resting place for you, killed by a giant rat. Game over: ---------- / \ / REST \ / IN \ / PEACE \ / \ | spontiff | | 2219 Au | | killed by a | | giant rat | | | | | | 2023 | *| * * * | * _________)/\\_//(\/(/\)/\//\/|_)_______ Goodbye spontiff the Healer... You died in The Gnomish Mines on dungeon level 6 with 998 points, and 2219 pieces of gold, after 4779 moves. You were level 1 with a maximum of 32 hit points when you died.